 Dungeon Crawl Stone Soup version 0.17.1-2-g5865329 (webtiles) character file.

4931 Kloppie the Basher (level 10, -3/92 HPs)
             Began as a Minotaur Berserker on Jan 12, 2016.
             Was a High Priest of Trog.
             Slain by an orc warrior
             ... wielding a cursed -1 halberd
              (22 damage)
             ... on level 9 of the Dungeon.
             The game lasted 00:12:34 (6648 turns).

Kloppie the Basher (Minotaur Berserker)             Turns: 6648, Time: 00:12:34

Health: -3/92      AC: 15    Str: 22    XL:     10   Next: 27%
Magic:  18/18      EV: 10    Int:  6    God:    Trog [*****.]
Gold:   322        SH:  0    Dex: 11    Spells: 0 memorised, 9 levels left

rFire  . . .     SeeInvis .     s - +1 flail
rCold  . . .     Clarity  .     p - +0 plate armour
rNeg   . . .     SustAt   .     (no shield)
rPois  .         Gourm    .     (helmet restricted)
rElec  .         Spirit   .     (no cloak)
rCorr  .         Warding  .     (no gloves)
rMut   .         Stasis   .     u - +0 pair of boots
MR     .....                    (no amulet)
Stlth  ..........               (no ring)
                                q - ring of magical power

@: not resistant to hostile enchantments, extremely unstealthy
A: retaliatory headbutt, horns 2
a: Berserk, Trog's Hand, Brothers in Arms, Burn Spellbooks, Renounce Religion


You were on level 9 of the Dungeon.
You worshipped Trog.
Trog was extremely pleased with you.
You were hungry.

You visited 1 branch of the dungeon, and saw 9 of its levels.

You collected 322 gold pieces.

Inventory:

Hand Weapons
 a - a +0 mace
 s - a +1 flail (weapon)
Missiles
 e - 11 javelins (quivered)
Armour
 p - a +0 plate armour (worn)
 u - a +0 pair of boots (worn)
 x - a +1 scale mail of cold resistance
Jewellery
 q - a ring of magical power (left hand)
 L - an uncursed ring of fire
Wands
 v - a wand of random effects (15)
Scrolls
 f - a scroll of remove curse
 g - 6 scrolls of identify
 h - a scroll of blinking {unknown}
 j - 2 scrolls of enchant weapon
 k - 3 scrolls of fog
 t - 3 scrolls of magic mapping
 y - 2 scrolls of noise {unknown}
 C - a scroll of recharging {unknown}
 D - 2 scrolls of fear {unknown}
 F - a scroll of teleportation {unknown}
 I - a scroll of enchant armour {unknown}
 J - a scroll of vulnerability {unknown}
Potions
 b - a potion of might {unknown}
 d - a potion of brilliance {unknown}
 i - a potion of invisibility
 l - 2 potions of magic
 m - a potion of ambrosia
 n - 3 potions of heal wounds
 z - 3 potions of curing
 A - 2 potions of flight {unknown}
 G - a potion of berserk rage {unknown}
 H - a potion of resistance {unknown}
Books
 w - a book of Power

   Spells                             Type                      Level
   a - Fulminant Prism                Conjuration/Hexes            4
   b - Iskenderun's Mystic Blast      Conjuration                  4
   c - Venom Bolt                     Conjuration/Poison           5
   d - Bolt of Magma                  Conjuration/Fire/Earth       5
   e - Iron Shot                      Conjuration/Earth            6
   f - Orb of Destruction             Conjuration                  7
   g - Spellforged Servitor           Conjuration/Summoning        7
   Trog disapproves of the use of such an item.
 E - a book of Transfigurations

   Spells                             Type                      Level
   a - Stoneskin                      Transmutation/Earth          2
   b - Irradiate                      Conjuration/Transmutation    5
   c - Statue Form                    Transmutation/Earth          6
   d - Hydra Form                     Transmutation                6
   e - Dragon Form                    Transmutation                7
   Trog disapproves of the use of such an item.
 K - a book of Summonings

   Spells                             Type                      Level
   a - Recall                         Summoning/Translocation      3
   b - Aura of Abjuration             Summoning                    5
   c - Shadow Creatures               Summoning                    5
   d - Summon Demon                   Summoning                    5
   e - Summon Forest                  Summoning/Translocation      5
   f - Summon Mana Viper              Hexes/Summoning              5
   Trog disapproves of the use of such an item.
 M - a book of Geomancy

   Spells                             Type                      Level
   a - Sandblast                      Earth                        1
   b - Stoneskin                      Transmutation/Earth          2
   c - Passwall                       Transmutation/Earth          3
   d - Stone Arrow                    Conjuration/Earth            3
   e - Petrify                        Transmutation/Earth          4
   f - Lee's Rapid Deconstruction     Earth                        5
   Trog disapproves of the use of such an item.
Comestibles
 c - 6 bread rations
 o - 2 fruits
 r - a royal jelly
 B - 3 beef jerkies


   Skills:
 + Level 9.7 Fighting
 + Level 9.8 Maces & Flails
 + Level 9.3 Armour
 + Level 8.8 Dodging


You had 9 spell levels left.
You didn't know any spells.

Dungeon Overview and Level Annotations

Branches:
Dungeon (9/15)             Temple (0/1) D:5
   Lair: D:8-11         Orc: D:9-12

Altars:
Dithmenos
Fedhas
Gozag
Makhleb
Nemelex Xobeh
Okawaru
Vehumet
Xom
Zin
The Shining One

Shops:
D:5 :   D:7 *

Annotations:
D:2 exclusion: oklob plant
D:8 zigs's ghost, novice HaAs


Innate Abilities, Weirdness & Mutations

You reflexively headbutt those who attack you in melee.
You have a pair of horns on your head.


Message History

You feel less resistant to hostile enchantments.
An ogre comes into view. It is wielding a giant club.
The ogre shouts!
The orc warrior hits you but does no damage.
Items here: ( )) †† a short sword; an uncursed blowgun; 15 poisoned needles; a kobold corpse a kobold corpse You hit the orc warrior but do no damage.
The orc warrior hits you with a halberd!
* * * LOW HITPOINT WARNING * * *
You hit the orc warrior. You headbutt the orc warrior!
The orc warrior is heavily wounded.
The orc warrior barely misses you.
You closely miss the orc warrior. Your headbutt misses the orc warrior.
The orc warrior is heavily wounded.
You closely miss the orc warrior.
You headbutt the orc warrior, but do no damage.
The orc warrior is heavily wounded.
The orc warrior hits you with a halberd!!
You die...

#.#§#.#.#.# #.##§§.##.#
#...#§#.... ###.#...##.
#.######. #.# ## ####.#
###############..(.#
#....Oooo@))(..(#........
....##g##############.###
# #†###### .# #...#..#
###g.).##..# ##.)......
#.#.#.#.## #. #.## ## .#


You could see an orc warrior, an ogre, an orc wizard, an orc and a goblin.

Vanquished Creatures
  Pikel (D:4)
  Sigmund (D:3)
  A wyvern (D:8)
  The ghost of schorsch312 the Conjurer, an amateur DrCj of the Shining One (D:3)
  A warg (D:9)
  4 sky beasts
  4 ogres
  A black bear (D:8)
  2 phantoms
  2 ice beasts (D:6)
  4 orc warriors
  2 necrophages
  A big kobold (D:9)
  4 giant frogs
  A gnoll sergeant (D:8)
  6 killer bees (D:8)
  4 scorpions
  A hound (D:8)
  A crimson imp (D:7)
  A giant frog skeleton (D:6)
  3 jellies
  9 orc wizards
  A centaur skeleton (D:8)
  9 orc priests
  4 iguanas
  9 worker ants
  A hound skeleton (D:7)
  2 worker ant zombies
  8 gnolls (D:8)
  6 adders
  4 shadow imps
  An ooze (D:1)
  2 adder zombies
  8 giant geckos
  40 orcs
  2 ball pythons
  15 bats
  5 giant cockroaches
  5 hobgoblins
  13 jackals
  3 quokkas
  A sheep (D:3)
  A giant cockroach zombie (D:5)
  2 giant gecko skeletons
  3 giant newts
  4 goblins
  A jackal skeleton (D:7)
  17 kobolds
  A quokka skeleton (D:7)
  6 rats
229 creatures vanquished.

Vanquished Creatures (others)
  A worker ant (D:4)
  An adder (D:4)
  A giant cockroach (D:4)
3 creatures vanquished.

Grand Total: 232 creatures vanquished

Notes
Turn   | Place    | Note
--------------------------------------------------------------
     0 | D:1      | Kloppie the Minotaur Berserker began the quest for the Orb.
     0 | D:1      | Reached XP level 1. HP: 19/19 MP: 0/0
   121 | D:1      | Reached XP level 2. HP: 21/27 MP: 1/1
   385 | D:1      | Reached skill level 4 in Maces & Flails
   511 | D:2      | Reached XP level 3. HP: 29/33 MP: 2/2
   557 | D:2      | Reached ** piety under Trog
   685 | D:2      | Found a glowing golden altar of the Shining One.
   768 | D:2      | Reached XP level 4. HP: 37/41 MP: 3/3
   805 | D:2      | Found a blossoming altar of Fedhas.
   830 | D:2      | Noticed an oklob plant
  1070 | D:3      | Noticed an orc warrior
  1080 | D:3      | Killed an orc warrior
  1080 | D:3      | Reached XP level 5. HP: 47/47 MP: 4/4
  1081 | D:3      | Reached skill level 5 in Maces & Flails
  1117 | D:3      | Noticed schorsch312's ghost (amateur DrCj)
  1134 | D:3      | HP: 3/70 [schorsch312's ghost (1)]
  1135 | D:3      | Killed schorsch312's ghost
  1135 | D:3      | Reached skill level 5 in Fighting
  1135 | D:3      | Reached XP level 6. HP: 3/56 MP: 5/5
  1574 | D:3      | Noticed Sigmund
  1575 | D:3      | Reached *** piety under Trog
  1585 | D:3      | Killed Sigmund
  1585 | D:3      | Reached XP level 7. HP: 61/61 MP: 6/6
  1689 | D:3      | Reached skill level 5 in Armour
  1693 | D:3      | Found a shimmering altar of Xom.
  1717 | D:3      | Reached skill level 5 in Dodging
  1797 | D:3      | Found a faded altar to an unknown god.
  2196 | D:4      | Reached skill level 6 in Maces & Flails
  2205 | D:4      | Noticed Pikel
  2234 | D:4      | Killed Pikel
  2234 | D:4      | Reached XP level 8. HP: 42/71 MP: 7/7
  2388 | D:4      | Reached skill level 7 in Fighting
  2410 | D:4      | Found a radiant altar of Vehumet.
  2895 | D:4      | Found a sparkling altar of Nemelex Xobeh.
  3070 | D:5      | Entered Level 5 of the Dungeon
  3147 | D:5      | Found Puzeawib's Book Shoppe.
  3190 | D:5      | Found a staircase to the Ecumenical Temple.
  3844 | D:6      | Reached **** piety under Trog
  3846 | D:6      | Reached XP level 9. HP: 78/81 MP: 8/8
  4003 | D:6      | Reached skill level 8 in Fighting
  4571 | D:6      | Found an iron altar of Okawaru.
  4571 | D:6      | Found a burning altar of Makhleb.
  4988 | D:7      | Found Zin's Purification Station.
  4993 | D:7      | Found a glowing silver altar of Zin.
  5121 | D:7      | Reached skill level 9 in Fighting
  5504 | D:8      | Noticed zigs's ghost (novice HaAs)
  5853 | D:8      | Found an opulent altar of Gozag.
  5937 | D:8      | Received a gift from Trog
  5937 | D:8      | Reached XP level 10. HP: 91/91 MP: 9/9
  6167 | D:8      | Reached ***** piety under Trog
  6542 | D:9      | Found a shadowy altar of Dithmenos.
  6580 | D:9      | Received a gift from Trog
  6648 | D:9      | Slain by an orc warrior

Action                   |  1- 3 |  4- 6 |  7- 9 | 10-12 || total
-------------------------+-------+-------+-------+-------++-------
Melee: Mace              |    76 |    28 |       |       ||   104
       Flail             |       |    60 |   406 |   133 ||   599
Invok: Berserk           |       |     3 |     1 |       ||     4
       Trog's Hand       |       |     1 |     2 |     1 ||     4
  Use: Scroll            |       |       |    11 |       ||    11
  Eat: Chunk             |       |     4 |    17 |     2 ||    23
